 Dungeon Crawl Stone Soup version 0.26-a0-1126-g3318b609a0 (webtiles) character file.

Game seed: 11407991736309675351

80 sahdkjhfkaj the Insei (level 4, -3/31 HPs)
             Began as an Octopode Transmuter on Dec 17, 2020.
             Was a Follower of Uskayaw.
             Slain by an orc priest
             ... wielding a +0 falchion
              (7 damage)
             ... on level 3 of the Dungeon.
             The game lasted 00:03:23 (2300 turns).

sahdkjhfkaj the Insei (Octopode Transmuter)         Turns: 2300, Time: 00:03:24

Health: -3/31      AC:  1    Str:  9    XL:     4   Next: 39%
Magic:  6/7        EV: 13    Int: 16    God:    Uskayaw [*.....]
Gold:   143        SH:  4    Dex: 12    Spells: 6/7 levels left

rFire    . . .     SeeInvis .     - Unarmed
rCold    . . .     Faith    .   m - +0 buckler
rNeg     . . .     Spirit   .   (helmet currently unavailable)
rPois    .         Reflect  .   (no amulet)
rElec    .         Harm     .   (no ring)
rCorr    .         Rampage  .   (no ring)
Will     .....                  (no ring)
Stlth    ++........             (no ring)
HPRegen  0.10/turn              (no ring)
MPRegen  0.10/turn              (no ring)
                                (no ring)
                                (no ring)

@: appendages
A: almost no armour, stealthy swim, amphibious, 8 rings, constrict 8, tentacle
spike 3, camouflage 1, gelatinous body 1
a: End Transformation, Renounce Religion, Stomp


You were on level 3 of the Dungeon.
You worshipped Uskayaw.
Uskayaw was noncommittal.
One of your tentacles had a temporary spike.
You visited 1 branch of the dungeon, and saw 3 of its levels.

You collected 143 gold pieces.

Inventory:

Armour
 m - a +0 buckler (worn)
Jewellery
 n - an uncursed ring of stealth {unknown}
Scrolls
 c - a scroll of enchant weapon
 e - a scroll of magic mapping
 g - a scroll of remove curse
 h - a scroll of amnesia
 j - 2 scrolls of fog {unknown}
 l - a scroll of enchant armour {unknown}
 p - a scroll of fear {unknown}
Potions
 a - a potion of attraction
 b - a potion of invisibility {unknown}
 d - a potion of might {unknown}
 f - a potion of curing
 i - a potion of cancellation
 k - a potion of berserk rage {unknown}
 o - a potion of flight {unknown}


   Skills:
 - Level 3.0 Fighting
 + Level 2.3 Dodging
 + Level 2.1 Shields
 - Level 3.0 Unarmed Combat
 - Level 2.0 Spellcasting
 - Level 2.0 Transmutations


You had 6 spell levels left.
You knew the following spells:

 Your Spells              Type           Power        Failure   Level
a - Beastly Appendage     Tmut           16%          12%         1

Your spell library contained the following spells:

 Spells                   Type           Power        Failure   Level
 Wereblood                Tmut           8%           17%         2
 Spider Form              Tmut/Pois      2%           45%         3
 Ice Form                 Ice/Tmut       4%           86%         4
 Blade Hands              Tmut           4%           97%         5


Dungeon Overview and Level Annotations

Branches:
Dungeon (3/15)

Altars:
Cheibriados
Trog
Uskayaw
Wu Jian
Xom

Annotations:
D:2 exclusion: 2 gnolls


Innate Abilities, Weirdness & Mutations

You cannot wear most types of armour.
You are very stealthy in the water. (Stealth+)
You are amphibious.
You can wear up to eight rings at the same time.
You can use your tentacles to constrict eight enemies at once.
Your skin changes colour to match your surroundings (Stealth+).
Your rubbery body absorbs attacks. (AC +1, EV +1)
One of your tentacles bears a large vicious spike.


Message History

You tentacle-slap the orc priest but do no damage.
You grab the orc priest. You constrict the orc priest.
The orc priest looks encouraged for a moment.
You tentacle-slap the orc priest.
You tentacle-slap the orc priest, but do no damage.
The orc priest is lightly wounded.
You constrict the orc priest.
The orc priest mumbles some strange prayers to Beogh against you.
Pain shoots through your body!
You barely miss the orc priest.
The orc priest is moderately wounded.
You constrict the orc priest, but do no damage.
The orc priest hits you with a +0 falchion!
* * * LOW HITPOINT WARNING * * *
Casting: Beastly Appendage (safe; 12% risk of failure)
Confirm with . or Enter, or press ? or * to list all spells.
One of your tentacles grows a vicious spike.
You constrict the orc priest.
The orc priest hits you with a +0 falchion!
You die...

### ...
#.# #.#
#.# #o#
#@# #.#
#.# #.#
. #.#
.#.
####.#
...
#....###
#.#
#.####..
#.# #.#
#.# #.#


You could see an orc priest.

Vanquished Creatures
  2 adders (D:2)
  An ooze (D:1)
  A dart slug (D:2)
  4 orcs (D:3)
  4 giant cockroaches
  7 goblins
  6 hobgoblins
  3 jackals (D:2)
  6 bats
  5 frilled lizards
  6 kobolds
  7 rats
52 creatures vanquished.

Notes
Turn   | Place    | Note
-------+----------+-------------------------------------------
     0 | D:1      | sahdkjhfkaj the Octopode Transmuter began the quest for the
                  | Orb.
     0 | D:1      | Reached XP level 1. HP: 13/13 MP: 3/3
    79 | D:1      | Reached XP level 2. HP: 19/19 MP: 5/5
   575 | D:1      | Reached XP level 3. HP: 11/25 MP: 6/6
  1035 | D:2      | Reached skill level 1 in Shields
  1180 | D:2      | Noticed a -3 hand axe
  1180 | D:2      | Noticed a +0 hand axe
  1183 | D:2      | Found a hide-covered altar of Uskayaw.
  1199 | D:2      | Became a worshipper of Uskayaw the Reveller
  1228 | D:2      | Reached * piety under Uskayaw
  1230 | D:2      | Reached ** piety under Uskayaw
  1373 | D:2      | Found a shimmering altar of Xom.
  1442 | D:2      | Reached XP level 4. HP: 22/31 MP: 7/7
  2125 | D:3      | Found a bloodstained altar of Trog.
  2126 | D:3      | Found a snail-covered altar of Cheibriados.
  2126 | D:3      | Found an ornate altar of the Wu Jian Council.
  2279 | D:3      | Reached *** piety under Uskayaw
  2300 | D:3      | Slain by an orc priest

Illustrated notes

Levels and vault maps discovered:
D:1:      erik_arrival_orb_chamber, layout_rooms, serial_forest,
          infiniplex_forest_zigzag_1, infiniplex_forest_lined_4_way,
          infiniplex_forest_join, infiniplex_forest_pool,
          infiniplex_forest_straight_2, infiniplex_forest_lined_3,
          infiniplex_forest_straight_3
D:2:      layout_rooms, dancing_weapons_uskayaw, tgw_xom
D:3:      layout_loops_ring, okawaru_ov_weapons_minmay,
          grunt_temple_overflow_open, fedhas_altar_4, uniq_crazy_yiuf_cottage

Skill      XL: |  1  2  3  4 |
---------------+-------------+-----
Fighting       | 2 3 |  3.0
Shields        | 1 2 |  2.1
Dodging        | |  2.3
Unarmed Combat | |  3.0
Spellcasting   | |  2.0
Transmutations | |  2.0

Action                   |  1- 3 |  4- 6 || total
-------------------------+-------+-------++-------
Melee: Unarmed           |    80 |    34 ||   114
       Constrict         |    26 |    11 ||    37
       Tentacles         |    11 |     5 ||    16
       Punch             |       |     1 ||     1
 Cast: Beastly Appendage |       |     1 ||     1
  Use: Scroll            |     3 |     1 ||     4
       Potion            |       |     3 ||     3
 Stab: Sleeping          |     8 |       ||     8
       Distracted        |     1 |       ||     1
Armor: Skin              |     9 |     2 ||    11
Dodge: Dodged            |    27 |    11 ||    38
Block: Tower shield      |    24 |     9 ||    33

Table legend: (Time is in decaauts)
 A = Elapsed time spent in this place.
 B = Non-inter-level travel time spent in this place.
 C = Inter-level travel time spent in this place.
 D = Time resting spent in this place.
 E = Time spent auto-exploring this place.
 F = Levels seen in this place.
 G = Mean time per level.
                   A        B        C        D        E       F      G
               +--------+--------+--------+--------+--------+-----+--------+
         Total |   2307 |   2239 |     68 |    392 |   1452 |   3 |  769.0 |
       Dungeon |   2307 |   2239 |     68 |    392 |   1452 |   3 |  769.0 |
               +--------+--------+--------+--------+--------+-----+--------+

Top non-repeatable levels by time:
     D:1: 1030 daAuts
     D:2: 964 daAuts
     D:3: 312 daAuts
